2571 views
Uploaded 2021-11-02 13:21:36
Game version 1.32.10
32:15 long 3on3 ladder game on (8)Battleground_LV
Saved by xzz
2571 views
Uploaded 2021-11-02 13:21:36
Game version 1.32.10
32:15 long 3on3 ladder game on (8)Battleground_LV


200 units @ 29.9k
/ 4.7k
92 buildings @ 11.8k
/ 5.1k


| Scroll of Regeneration | 5 | 500 |
| Ivory Tower | 4 | 160 |
| Orb of Fire | 1 | 325 |
| Lesser Clarity Potion | 2 | 140 |
| Scroll of Town Portal | 2 | 700 |
| Scroll of Healing | 1 | 250 |
| Boots of Speed | 1 | 250 |
| total: | 16 | 2325g |
| Peasant | 14 | 1050 | / | 0 |
| Footman | 4 | 540 | / | 0 |
| Rifleman | 9 | 1845 | / | 270 |
| Gryphon Rider | 11 | 3080 | / | 770 |
| Knight | 12 | 2940 | / | 720 |
| total: | 50 | 9455g | / | 1760w |
| Scout Tower | 11 | 330 | / | 220 |
| Arcane Tower | 10 | 700 | / | 500 |
| Guard Tower | 9 | 630 | / | 450 |
| Altar of Kings | 1 | 180 | / | 50 |
| Farm | 14 | 1120 | / | 280 |
| Barracks | 1 | 160 | / | 60 |
| Arcane Vault | 2 | 260 | / | 60 |
| Town Hall | 3 | 1155 | / | 615 |
| Blacksmith | 1 | 140 | / | 60 |
| Lumber Mill | 1 | 120 | / | 0 |
| Gryphon Aviary | 3 | 420 | / | 450 |
| Keep | 2 | 640 | / | 420 |
| Castle | 2 | 720 | / | 420 |
| total: | 37 | 3885g | / | 1795w |
| 0:03 | Altar of Kings |
| 0:04 | Peasant |
| 0:07 | Farm |
| 0:09 | Barracks |
| 0:14 | Peasant |
| 0:32 | Peasant |
| 0:51 | Peasant |
| 0:51 | Peasant |
| 1:14 | Scout Tower |
| 1:17 | Scout Tower |
| 1:19 | Peasant |
| 1:24 | Farm |
| 1:26 | Footman |
| 1:44 | Arcane Tower |
| 2:00 | Peasant |
| 2:00 | Peasant |
| 2:01 | Peasant |
| 2:06 | Footman |
| 2:11 | Summon Water Elemental |
| 2:21 | Peasant |
| 2:23 | Peasant |
| 2:39 | Farm |
| 2:50 | Peasant |
| 2:56 | Arcane Vault |
| 3:42 | Footman |
| 3:53 | Town Hall |
| 3:56 | Brilliance Aura |
| 4:09 | Town Hall |
| 4:17 | Peasant |
| 4:17 | Peasant |
| 4:20 | Farm |
| 4:22 | Scout Tower |
| 4:24 | Footman |
| 4:32 | Blacksmith |
| 4:52 | Scout Tower |
| 4:53 | Scout Tower |
| 4:55 | Scout Tower |
| 4:58 | Scout Tower |
| 5:12 | Lumber Mill |
| 5:30 | Arcane Tower |
| 6:07 | Black Gunpowder |
| 6:10 | Rifleman |
| 6:10 | Rifleman |
| 6:17 | Guard Tower |
| 6:18 | Arcane Tower |
| 6:19 | Guard Tower |
| 6:20 | Arcane Tower |
| 6:30 | Improved Lumber Harvesting |
| 7:02 | Rifleman |
| 7:03 | Keep |
| 7:16 | Iron Forged Swords |
| 7:32 | Rifleman |
| 7:42 | Summon Water Elemental |
| 7:47 | Rifleman |
| 7:49 | Improved Masonry |
| 8:04 | Studded Leather Armor |
| 8:14 | Farm |
| 8:39 | Scout Tower |
| 8:40 | Scout Tower |
| 8:41 | Scout Tower |
| 8:42 | Scout Tower |
| 8:48 | Rifleman |
| 9:29 | Castle |
| 9:33 | Gryphon Aviary |
| 9:38 | Advanced Lumber Harvesting |
| 9:45 | Scroll of Regeneration |
| 9:47 | Scroll of Town Portal |
| 9:48 | Ivory Tower |
| 9:48 | Ivory Tower |
| 9:58 | Long Rifles |
| 10:00 | Rifleman |
| 10:37 | Farm |
| 10:41 | Rifleman |
| 10:58 | Advanced Masonry |
| 11:10 | Brilliance Aura |
| 11:21 | Rifleman |
| 11:23 | Farm |
| 11:25 | Guard Tower |
| 11:57 | Arcane Tower |
| 12:01 | Storm Bolt |
| 12:48 | Animal War Training |
| 12:51 | Gryphon Aviary |
| 13:04 | Gryphon Rider |
| 13:04 | Gryphon Rider |
| 13:07 | Gryphon Aviary |
| 13:11 | Knight |
| 13:18 | Guard Tower |
| 13:39 | Scroll of Regeneration |
| 13:40 | Bash |
| 13:45 | Orb of Fire |
| 13:46 | Scroll of Town Portal |
| 13:46 | Ivory Tower |
| 13:46 | Ivory Tower |
| 13:48 | Scroll of Regeneration |
| 13:48 | Lesser Clarity Potion |
| 14:20 | Farm |
| 14:35 | Storm Hammers |
| 15:09 | Gryphon Rider |
| 15:11 | Farm |
| 15:35 | Imbued Masonry |
| 15:50 | Guard Tower |
| 15:51 | Guard Tower |
| 16:37 | Summon Water Elemental |
| 16:56 | Knight |
| 16:56 | Knight |
| 16:57 | Gryphon Rider |
| 17:02 | Iron Plating |
| 17:25 | Bash |
| 17:58 | Scroll of Regeneration |
| 17:59 | Scroll of Regeneration |
| 18:01 | Lesser Clarity Potion |
| 18:06 | Knight |
| 18:14 | Gryphon Rider |
| 18:55 | Gryphon Rider |
| 19:17 | Boots of Speed |
| 19:34 | Scroll of Healing |
| 20:19 | Gryphon Rider |
| 20:41 | Storm Bolt |
| 21:02 | Arcane Tower |
| 21:12 | Mass Teleport |
| 21:33 | Knight |
| 21:34 | Knight |
| 21:44 | Guard Tower |
| 21:51 | Farm |
| 21:52 | Farm |
| 21:53 | Farm |
| 22:20 | Knight |
| 22:28 | Steel Forged Swords |
| 22:34 | Backpack |
| 22:45 | Farm |
| 22:46 | Farm |
| 23:44 | Knight |
| 23:45 | Gryphon Rider |
| 24:41 | Knight |
| 24:50 | Storm Bolt |
| 25:09 | Knight |
| 25:09 | Knight |
| 26:15 | Knight |
| 26:15 | Gryphon Rider |
| 27:10 | Brilliance Aura |
| 27:29 | Avatar |
| 27:52 | Town Hall |
| 29:19 | Arcane Vault |
| 30:34 | Gryphon Rider |
| 30:35 | Gryphon Rider |
| Right click | 1810 |
| Select group | 1577 |
| Select | 747 |
| Misc. action | 261 |
| Build/train/purchase | 190 |
| Chat | 142 |
| Assign group | 59 |
| Use ability | 38 |
| Minimap ping | 17 |
| Esc | 2 |
| Remove unit | 1 |



| Scroll of Regeneration | 1 | 100 |
| Potion of Healing | 1 | 150 |
| Scroll of Town Portal | 2 | 700 |
| Scroll of Healing | 1 | 250 |
| Potion of Lesser Invulnerability | 2 | 300 |
| total: | 7 | 1500g |
| Peasant | 25 | 1875 | / | 0 |
| Footman | 6 | 810 | / | 0 |
| Knight | 12 | 2940 | / | 720 |
| Priest | 10 | 1350 | / | 100 |
| Siege Engine | 18 | 3510 | / | 1080 |
| total: | 71 | 10485g | / | 1900w |
| Scout Tower | 7 | 210 | / | 140 |
| Guard Tower | 3 | 210 | / | 150 |
| Farm | 12 | 960 | / | 240 |
| Barracks | 1 | 160 | / | 60 |
| Altar of Kings | 1 | 180 | / | 50 |
| Blacksmith | 1 | 140 | / | 60 |
| Arcane Vault | 1 | 130 | / | 30 |
| Town Hall | 3 | 1155 | / | 615 |
| Lumber Mill | 3 | 360 | / | 0 |
| Cannon Tower | 4 | 480 | / | 400 |
| Arcane Sanctum | 1 | 150 | / | 140 |
| Workshop | 3 | 420 | / | 420 |
| Keep | 1 | 320 | / | 210 |
| Castle | 1 | 360 | / | 210 |
| total: | 33 | 3865g | / | 1755w |
| 0:04 | Peasant |
| 0:04 | Peasant |
| 0:04 | Peasant |
| 0:09 | Farm |
| 0:15 | Barracks |
| 0:47 | Farm |
| 0:49 | Peasant |
| 0:54 | Peasant |
| 1:05 | Altar of Kings |
| 1:08 | Peasant |
| 1:20 | Peasant |
| 1:23 | Footman |
| 1:30 | Farm |
| 1:36 | Peasant |
| 1:44 | Footman |
| 1:46 | Peasant |
| 1:54 | Peasant |
| 2:08 | Footman |
| 2:20 | Farm |
| 2:36 | Cleaving Attack |
| 2:52 | Footman |
| 2:55 | Peasant |
| 3:14 | Peasant |
| 3:16 | Footman |
| 3:55 | Keep |
| 3:56 | Footman |
| 3:59 | Blacksmith |
| 4:22 | Howl of Terror |
| 4:56 | Arcane Vault |
| 5:18 | Scout Tower |
| 5:22 | Town Hall |
| 5:29 | Lumber Mill |
| 5:39 | Lumber Mill |
| 6:12 | Guard Tower |
| 6:16 | Improved Masonry |
| 6:24 | Scout Tower |
| 6:32 | Cleaving Attack |
| 6:57 | Guard Tower |
| 7:00 | Scout Tower |
| 7:03 | Improved Lumber Harvesting |
| 7:05 | Peasant |
| 7:05 | Peasant |
| 7:05 | Peasant |
| 7:05 | Peasant |
| 7:09 | Castle |
| 7:28 | Iron Forged Swords |
| 7:29 | Iron Plating |
| 7:40 | Guard Tower |
| 8:22 | Divine Shield |
| 9:00 | Arcane Sanctum |
| 9:04 | Workshop |
| 9:27 | Advanced Masonry |
| 9:28 | Advanced Lumber Harvesting |
| 9:30 | Workshop |
| 9:32 | Scroll of Regeneration |
| 9:34 | Scroll of Town Portal |
| 9:35 | Potion of Healing |
| 9:43 | Knight |
| 9:43 | Knight |
| 9:45 | Steel Forged Swords |
| 9:46 | Black Gunpowder |
| 9:48 | Peasant |
| 9:49 | Peasant |
| 9:49 | Peasant |
| 9:49 | Peasant |
| 9:49 | Peasant |
| 10:25 | Priest |
| 10:25 | Priest |
| 10:29 | Farm |
| 10:32 | Knight |
| 10:37 | Workshop |
| 11:02 | Potion of Lesser Invulnerability |
| 11:10 | Priest |
| 11:13 | Knight |
| 11:18 | Farm |
| 11:20 | Siege Engine |
| 11:26 | Farm |
| 11:58 | Howl of Terror |
| 12:08 | Siege Engine |
| 12:12 | Farm |
| 12:25 | Priest |
| 12:28 | Farm |
| 12:33 | Farm |
| 12:35 | Mithril Forged Swords |
| 12:36 | Steel Plating |
| 12:36 | Refined Gunpowder |
| 13:11 | Farm |
| 13:14 | Farm |
| 13:15 | Siege Engine |
| 13:17 | Siege Engine |
| 14:57 | Scout Tower |
| 15:00 | Scout Tower |
| 15:05 | Scout Tower |
| 15:07 | Peasant |
| 15:08 | Peasant |
| 15:08 | Peasant |
| 15:08 | Peasant |
| 15:14 | Town Hall |
| 15:45 | Siege Engine |
| 15:49 | Siege Engine |
| 15:52 | Cannon Tower |
| 15:57 | Cannon Tower |
| 15:58 | Cannon Tower |
| 16:14 | Scout Tower |
| 16:23 | Priest |
| 16:23 | Priest |
| 16:23 | Priest |
| 16:28 | Knight |
| 16:28 | Knight |
| 16:54 | Cannon Tower |
| 17:03 | Barrage |
| 17:04 | Siege Engine |
| 17:06 | Knight |
| 17:28 | Lumber Mill |
| 17:33 | Knight |
| 17:37 | Siege Engine |
| 17:39 | Siege Engine |
| 18:19 | Imbued Gunpowder |
| 18:19 | Mithril Plating |
| 19:07 | Knight |
| 19:08 | Animal War Training |
| 19:11 | Imbued Masonry |
| 19:22 | Scroll of Healing |
| 19:22 | Potion of Lesser Invulnerability |
| 19:23 | Scroll of Town Portal |
| 19:44 | Siege Engine |
| 19:47 | Siege Engine |
| 19:51 | Priest |
| 19:55 | Storm Bolt |
| 20:09 | Devotion Aura |
| 20:58 | Bash |
| 21:02 | Cleaving Attack |
| 21:24 | Siege Engine |
| 21:25 | Siege Engine |
| 21:27 | Priest |
| 21:27 | Priest |
| 21:29 | Knight |
| 21:29 | Knight |
| 21:46 | Devotion Aura |
| 22:34 | Siege Engine |
| 22:36 | Siege Engine |
| 22:38 | Knight |
| 23:15 | Storm Bolt |
| 23:30 | Siege Engine |
| 25:28 | Holy Light |
| 25:40 | Doom |
| 27:30 | Siege Engine |
| 27:32 | Siege Engine |
| 28:30 | Town Hall |
| 31:17 | Sorceress Adept Training |
| 31:17 | Priest Adept Training |
| 31:18 | Magic Sentry |
| 31:21 | Studded Leather Armor |
| 31:24 | Fragmentation Shards |
| 31:25 | Flying Machine Bombs |
| 31:25 | Flak Cannons |
| 31:26 | Flare |
| 31:31 | Backpack |
| 31:35 | Long Rifles |
| 31:35 | Defend |
| 32:06 | Bash |
| Select | 401 |
| Right click | 338 |
| Build/train/purchase | 156 |
| Misc. action | 20 |
| Chat | 20 |
| Use ability | 18 |
| Minimap ping | 11 |
| Esc | 5 |
| Remove unit | 1 |


| Wisp | 26 | 1560 | / | 0 |
| Archer | 20 | 2600 | / | 200 |
| Hippogryph | 15 | 2400 | / | 300 |
| Dryad | 4 | 580 | / | 240 |
| Huntress | 10 | 1950 | / | 200 |
| Ogre Mauler | 1 | 300 | / | 0 |
| Mud Golem | 1 | 145 | / | 10 |
| Forest Troll Berserker | 1 | 245 | / | 30 |
| Forest Troll Shadow Priest | 1 | 195 | / | 10 |
| total: | 79 | 9975g | / | 990w |
| Moon Well | 11 | 1980 | / | 440 |
| Altar of Elders | 2 | 360 | / | 100 |
| Ancient of War | 2 | 300 | / | 120 |
| Ancient of Wonders | 1 | 90 | / | 30 |
| Hunter's Hall | 1 | 210 | / | 100 |
| Tree of Life | 2 | 680 | / | 370 |
| Ancient of Wind | 2 | 300 | / | 280 |
| Ancient of Lore | 1 | 155 | / | 145 |
| Tree of Ages | 1 | 320 | / | 180 |
| total: | 22 | 4075g | / | 1585w |
| 0:05 | Moon Well |
| 0:08 | Altar of Elders |
| 0:10 | Wisp |
| 0:10 | Wisp |
| 0:11 | Wisp |
| 0:11 | Wisp |
| 0:37 | Ancient of War |
| 0:56 | Wisp |
| 0:56 | Wisp |
| 1:29 | Wisp |
| 1:29 | Wisp |
| 1:29 | Wisp |
| 1:35 | Moon Well |
| 1:42 | Archer |
| 2:04 | Moon Well |
| 2:27 | Archer |
| 2:28 | Archer |
| 2:48 | Wisp |
| 2:49 | Wisp |
| 2:52 | Archer |
| 3:05 | Black Arrow |
| 3:17 | Archer |
| 3:38 | Ancient of Wonders |
| 3:41 | Ancient of War |
| 3:42 | Wisp |
| 3:42 | Wisp |
| 3:42 | Wisp |
| 3:46 | Wisp |
| 4:20 | Moon Well |
| 4:22 | Archer |
| 5:06 | Life Drain |
| 5:23 | Tree of Ages |
| 5:26 | Archer |
| 5:31 | Hunter's Hall |
| 6:13 | Archer |
| 7:10 | Moon Armor |
| 7:10 | Strength of the Moon |
| 7:33 | Silence |
| 7:45 | Ancient of Wind |
| 7:47 | Ancient of Wind |
| 7:49 | Wisp |
| 7:54 | Wisp |
| 7:56 | Improved Bows |
| 7:57 | Moon Glaive |
| 8:29 | Moon Well |
| 8:32 | Moon Well |
| 9:38 | Hippogryph |
| 9:38 | Hippogryph |
| 9:39 | Hippogryph |
| 10:14 | Tree of Life |
| 10:39 | Wisp |
| 10:39 | Wisp |
| 10:40 | Wisp |
| 10:40 | Wisp |
| 11:19 | Archer |
| 11:51 | Black Arrow |
| 12:11 | Archer |
| 12:12 | Hippogryph |
| 13:03 | Wisp |
| 13:03 | Wisp |
| 13:03 | Wisp |
| 13:03 | Wisp |
| 13:03 | Wisp |
| 13:11 | Archer |
| 13:32 | Hippogryph |
| 13:53 | Hippogryph |
| 14:45 | Archer |
| 14:45 | Archer |
| 14:46 | Hippogryph |
| 14:49 | Trueshot Aura |
| 15:31 | Hippogryph |
| 15:31 | Hippogryph |
| 15:33 | Archer |
| 16:54 | Ogre Mauler |
| 16:55 | Mud Golem |
| 16:55 | Forest Troll Berserker |
| 16:56 | Forest Troll Shadow Priest |
| 18:03 | Black Arrow |
| 18:13 | Hippogryph |
| 18:15 | Archer |
| 18:15 | Archer |
| 18:19 | Ancient of Lore |
| 18:21 | Hippogryph |
| 18:22 | Archer |
| 19:08 | Hippogryph |
| 19:08 | Hippogryph |
| 19:09 | Archer |
| 19:22 | Altar of Elders |
| 20:26 | Searing Arrows |
| 20:49 | Hippogryph |
| 20:50 | Dryad |
| 20:50 | Dryad |
| 20:50 | Dryad |
| 20:51 | Dryad |
| 20:52 | Archer |
| 21:51 | Charm |
| 22:03 | Trueshot Aura |
| 22:59 | Moon Well |
| 22:59 | Moon Well |
| 24:13 | Moon Well |
| 24:13 | Moon Well |
| 24:37 | Searing Arrows |
| 24:45 | Archer |
| 24:46 | Hippogryph |
| 24:52 | Tree of Life |
| 25:05 | Moon Well |
| 26:02 | Huntress |
| 26:03 | Huntress |
| 26:03 | Huntress |
| 26:03 | Huntress |
| 26:03 | Huntress |
| 26:03 | Huntress |
| 26:03 | Huntress |
| 26:04 | Huntress |
| 27:20 | Huntress |
| 27:22 | Huntress |
| Right click | 532 |
| Select | 414 |
| Misc. action | 155 |
| Build/train/purchase | 108 |
| Use ability | 12 |
| Remove unit | 5 |
124 units @ 18.5k
/ 2.5k
72 buildings @ 9.4k
/ 3.7k


| Orb of Fire | 2 | 650 |
| Potion of Mana | 3 | 600 |
| Potion of Healing | 2 | 300 |
| Scroll of Town Portal | 4 | 1400 |
| Scroll of Healing | 1 | 250 |
| Potion of Lesser Invulnerability | 1 | 150 |
| Scroll of Protection | 2 | 300 |
| total: | 15 | 3650g |
| Peasant | 11 | 825 | / | 0 |
| Footman | 4 | 540 | / | 0 |
| Rifleman | 20 | 4100 | / | 600 |
| Knight | 1 | 245 | / | 60 |
| Forest Troll Shadow Priest | 1 | 195 | / | 10 |
| Forest Troll Berserker | 1 | 245 | / | 30 |
| Mud Golem | 1 | 145 | / | 10 |
| total: | 39 | 6295g | / | 710w |
| Scout Tower | 13 | 390 | / | 260 |
| Guard Tower | 11 | 770 | / | 550 |
| Altar of Kings | 1 | 180 | / | 50 |
| Farm | 9 | 720 | / | 180 |
| Barracks | 3 | 480 | / | 180 |
| Lumber Mill | 1 | 120 | / | 0 |
| Blacksmith | 1 | 140 | / | 60 |
| Arcane Vault | 2 | 260 | / | 60 |
| Town Hall | 1 | 385 | / | 205 |
| Keep | 1 | 320 | / | 210 |
| Castle | 1 | 360 | / | 210 |
| total: | 31 | 2675g | / | 995w |
| 0:05 | Peasant |
| 0:05 | Peasant |
| 0:14 | Altar of Kings |
| 0:26 | Farm |
| 0:39 | Peasant |
| 0:45 | Peasant |
| 0:58 | Barracks |
| 1:08 | Farm |
| 1:09 | Peasant |
| 1:32 | Peasant |
| 1:45 | Lumber Mill |
| 1:53 | Blacksmith |
| 2:06 | Footman |
| 2:19 | Farm |
| 2:23 | Summon Water Elemental |
| 2:26 | Footman |
| 2:55 | Scout Tower |
| 2:56 | Improved Masonry |
| 2:58 | Footman |
| 3:02 | Arcane Vault |
| 3:06 | Scout Tower |
| 3:29 | Farm |
| 3:44 | Guard Tower |
| 3:48 | Improved Lumber Harvesting |
| 3:55 | Footman |
| 4:05 | Guard Tower |
| 4:08 | Rifleman |
| 4:12 | Farm |
| 5:19 | Keep |
| 5:23 | Rifleman |
| 5:25 | Brilliance Aura |
| 5:48 | Farm |
| 5:49 | Rifleman |
| 6:43 | Farm |
| 6:49 | Rifleman |
| 7:20 | Farm |
| 7:29 | Summon Water Elemental |
| 7:47 | Town Hall |
| 7:53 | Scout Tower |
| 8:12 | Advanced Lumber Harvesting |
| 8:12 | Advanced Masonry |
| 8:14 | Rifleman |
| 8:33 | Castle |
| 9:07 | Forest Troll Shadow Priest |
| 9:07 | Forest Troll Berserker |
| 9:07 | Mud Golem |
| 9:29 | Guard Tower |
| 9:32 | Scout Tower |
| 10:25 | Guard Tower |
| 10:27 | Scout Tower |
| 10:36 | Long Rifles |
| 11:12 | Brilliance Aura |
| 11:57 | Knight |
| 11:58 | Rifleman |
| 12:03 | Barracks |
| 12:51 | Guard Tower |
| 12:58 | Arcane Vault |
| 13:02 | Flame Strike |
| 13:03 | Scroll of Town Portal |
| 13:04 | Orb of Fire |
| 13:08 | Barracks |
| 13:33 | Imbued Masonry |
| 13:35 | Peasant |
| 13:37 | Rifleman |
| 13:37 | Rifleman |
| 13:47 | Scout Tower |
| 13:48 | Peasant |
| 13:49 | Peasant |
| 14:08 | Summon Water Elemental |
| 14:39 | Guard Tower |
| 14:49 | Peasant |
| 15:11 | Potion of Mana |
| 15:18 | Rifleman |
| 15:44 | Rifleman |
| 15:53 | Potion of Lesser Invulnerability |
| 15:56 | Scroll of Healing |
| 15:59 | Scroll of Protection |
| 16:59 | Rifleman |
| 17:10 | Scroll of Town Portal |
| 17:47 | Mass Teleport |
| 17:50 | Banish |
| 18:19 | Scout Tower |
| 18:46 | Banish |
| 18:53 | Guard Tower |
| 19:01 | Potion of Healing |
| 19:01 | Orb of Fire |
| 19:02 | Potion of Mana |
| 19:05 | Potion of Mana |
| 19:06 | Scroll of Town Portal |
| 19:11 | Black Gunpowder |
| 19:11 | Studded Leather Armor |
| 19:13 | Rifleman |
| 19:13 | Rifleman |
| 19:36 | Rifleman |
| 19:38 | Farm |
| 20:00 | Scroll of Protection |
| 20:45 | Rifleman |
| 20:52 | Scroll of Town Portal |
| 20:53 | Potion of Healing |
| 21:50 | Scout Tower |
| 21:53 | Rifleman |
| 21:53 | Rifleman |
| 22:23 | Refined Gunpowder |
| 22:30 | Scout Tower |
| 22:33 | Guard Tower |
| 22:36 | Scout Tower |
| 22:38 | Peasant |
| 23:15 | Guard Tower |
| 23:22 | Scout Tower |
| 23:37 | Guard Tower |
| 23:40 | Scout Tower |
| 23:55 | Rifleman |
| 24:41 | Rifleman |
| 24:41 | Rifleman |
| 24:44 | Guard Tower |
| 24:48 | Scout Tower |
| Right click | 1040 |
| Select | 368 |
| Select group | 331 |
| Build/train/purchase | 121 |
| Chat | 37 |
| Assign group | 28 |
| Use ability | 16 |
| Item give/drop | 6 |
| Minimap ping | 1 |

| Healing Salve | 2 | 200 |
| Scroll of Speed | 1 | 50 |
| Orb of Lightning | 1 | 375 |
| Tiny Great Hall | 1 | 600 |
| Potion of Healing | 1 | 150 |
| Scroll of Town Portal | 2 | 700 |
| Staff of Teleportation | 1 | 150 |
| Boots of Speed | 1 | 250 |
| Potion of Invisibility | 1 | 100 |
| Ivory Tower | 1 | 40 |
| Orb of Corruption | 1 | 375 |
| total: | 13 | 2990g |
| Peon | 23 | 1725 | / | 0 |
| Grunt | 2 | 400 | / | 0 |
| Troll Headhunter | 9 | 1260 | / | 180 |
| Demolisher | 2 | 440 | / | 100 |
| Spirit Walker | 3 | 585 | / | 105 |
| Tauren | 5 | 1400 | / | 400 |
| Wind Rider | 1 | 265 | / | 40 |
| total: | 45 | 6075g | / | 825w |
| Watch Tower | 3 | 330 | / | 240 |
| Altar of Storms | 2 | 360 | / | 100 |
| Orc Burrow | 7 | 1120 | / | 280 |
| War Mill | 2 | 410 | / | 0 |
| Barracks | 2 | 360 | / | 100 |
| Voodoo Lounge | 2 | 260 | / | 60 |
| Great Hall | 1 | 385 | / | 185 |
| Tauren Totem | 1 | 135 | / | 155 |
| Spirit Lodge | 1 | 150 | / | 150 |
| Beastiary | 4 | 580 | / | 560 |
| Stronghold | 1 | 315 | / | 190 |
| Fortress | 1 | 325 | / | 190 |
| total: | 25 | 4090g | / | 1830w |
| 1:26 | Altar of Storms |
| 1:30 | Altar of Storms |
| 1:33 | Orc Burrow |
| 1:35 | Peon |
| 1:35 | Peon |
| 1:35 | Peon |
| 2:01 | Peon |
| 2:06 | War Mill |
| 2:16 | Peon |
| 2:24 | Barracks |
| 3:27 | Peon |
| 3:27 | Peon |
| 3:28 | Peon |
| 3:31 | Grunt |
| 3:47 | Peon |
| 3:59 | Pocket Factory |
| 4:09 | Troll Headhunter |
| 4:26 | Orc Burrow |
| 5:13 | Stronghold |
| 5:52 | Grunt |
| 6:11 | Engineering Upgrade |
| 6:18 | Troll Headhunter |
| 6:22 | Watch Tower |
| 6:26 | Voodoo Lounge |
| 6:45 | Troll Headhunter |
| 7:41 | Tauren Totem |
| 7:43 | Peon |
| 7:44 | Peon |
| 7:44 | Peon |
| 7:49 | Orc Burrow |
| 7:51 | Reinforced Defenses |
| 7:52 | Peon |
| 7:53 | Peon |
| 7:53 | Peon |
| 7:56 | Pocket Factory |
| 8:48 | Orc Burrow |
| 8:50 | Demolisher |
| 9:37 | Fortress |
| 9:46 | Great Hall |
| 11:29 | Demolisher |
| 11:32 | Orc Burrow |
| 11:35 | Steel Ranged Weapons |
| 11:51 | Spirit Walker |
| 11:53 | Healing Salve |
| 11:59 | Scroll of Speed |
| 12:00 | Orb of Lightning |
| 12:06 | Tiny Great Hall |
| 12:29 | Tauren |
| 12:49 | Staff of Teleportation |
| 13:13 | Peon |
| 13:13 | Peon |
| 13:13 | Peon |
| 13:14 | Peon |
| 13:18 | Tauren |
| 13:57 | Ivory Tower |
| 15:17 | Watch Tower |
| 15:21 | Tauren |
| 15:27 | Spirit Walker |
| 15:50 | Burning Oil |
| 15:51 | Thorium Ranged Weapons |
| 17:24 | Boots of Speed |
| 17:26 | Scroll of Town Portal |
| 17:54 | Engineering Upgrade |
| 18:12 | Tauren |
| 18:49 | Steel Melee Weapons |
| 18:51 | Spirit Lodge |
| 19:17 | Troll Headhunter |
| 19:18 | Troll Headhunter |
| 19:21 | Orc Burrow |
| 19:32 | Pulverize |
| 19:33 | Spirit Walker |
| 19:33 | Tauren |
| 20:13 | Beastiary |
| 20:18 | Beastiary |
| 20:19 | Beastiary |
| 20:23 | Healing Salve |
| 20:26 | Potion of Healing |
| 20:29 | Scroll of Town Portal |
| 20:33 | Troll Headhunter |
| 20:34 | Troll Headhunter |
| 20:34 | Troll Headhunter |
| 20:34 | Troll Headhunter |
| 20:41 | Peon |
| 20:41 | Peon |
| 21:35 | Watch Tower |
| 21:41 | Beastiary |
| 22:07 | Peon |
| 22:07 | Peon |
| 22:30 | Voodoo Lounge |
| 22:34 | Potion of Invisibility |
| 22:49 | War Mill |
| 23:37 | Orc Burrow |
| 25:10 | Orb of Corruption |
| 25:34 | Pocket Factory |
| 28:17 | Barracks |
| 30:27 | Wind Rider |
| Right click | 960 |
| Select | 392 |
| Chat | 229 |
| Select group | 102 |
| Misc. action | 100 |
| Build/train/purchase | 81 |
| Use ability | 30 |
| Assign group | 21 |
| Minimap ping | 8 |
| Item give/drop | 5 |
| Remove unit | 2 |
| Esc | 1 |


| Rod of Necromancy | 3 | 450 |
| Potion of Healing | 4 | 600 |
| Orb of Corruption | 1 | 375 |
| Potion of Mana | 2 | 400 |
| Scroll of Town Portal | 3 | 1050 |
| Scroll of Healing | 1 | 250 |
| total: | 14 | 3125g |
| Acolyte | 10 | 750 | / | 0 |
| Ghoul | 10 | 1200 | / | 0 |
| Gargoyle | 7 | 1225 | / | 210 |
| Obsidian Statue | 4 | 800 | / | 140 |
| Abomination | 9 | 2160 | / | 630 |
| total: | 40 | 6135g | / | 980w |
| Nerubian Tower | 3 | 300 | / | 60 |
| Spirit Tower | 1 | 145 | / | 40 |
| Altar of Darkness | 1 | 180 | / | 50 |
| Ziggurat | 8 | 1200 | / | 400 |
| Crypt | 3 | 600 | / | 150 |
| Graveyard | 1 | 215 | / | 0 |
| Tomb of Relics | 1 | 130 | / | 30 |
| Slaughterhouse | 2 | 280 | / | 270 |
| Halls of the Dead | 2 | 640 | / | 420 |
| Black Citadel | 2 | 650 | / | 460 |
| total: | 16 | 2605g | / | 900w |
| 0:03 | Acolyte |
| 0:04 | Acolyte |
| 0:07 | Altar of Darkness |
| 0:12 | Ziggurat |
| 0:33 | Crypt |
| 0:59 | Ziggurat |
| 1:01 | Ziggurat |
| 1:24 | Graveyard |
| 1:42 | Ghoul |
| 1:43 | Tomb of Relics |
| 1:51 | Nerubian Tower |
| 2:13 | Carrion Swarm |
| 2:28 | Ghoul |
| 2:44 | Ghoul |
| 2:58 | Ghoul |
| 3:11 | Ghoul |
| 3:34 | Unholy Strength |
| 3:34 | Improved Unholy Strength |
| 3:44 | Ghoul |
| 3:50 | Rod of Necromancy |
| 3:53 | Ziggurat |
| 4:22 | Halls of the Dead |
| 4:26 | Vampiric Aura |
| 5:30 | Ghoul |
| 5:31 | Unholy Armor |
| 5:41 | Cannibalize |
| 5:59 | Vampiric Aura |
| 6:03 | Ghoul |
| 6:48 | Acolyte |
| 6:48 | Acolyte |
| 6:48 | Acolyte |
| 6:48 | Acolyte |
| 6:48 | Acolyte |
| 6:52 | Ziggurat |
| 7:14 | Gargoyle |
| 7:17 | Crypt |
| 7:22 | Advanced Unholy Strength |
| 7:22 | Improved Unholy Armor |
| 7:27 | Slaughterhouse |
| 7:28 | Slaughterhouse |
| 7:33 | Ghoul |
| 7:50 | Rod of Necromancy |
| 8:07 | Black Citadel |
| 8:08 | Black Citadel |
| 8:10 | Death Coil |
| 8:29 | Gargoyle |
| 9:20 | Gargoyle |
| 9:51 | Gargoyle |
| 9:54 | Obsidian Statue |
| 9:55 | Obsidian Statue |
| 10:31 | Abomination |
| 10:32 | Disease Cloud |
| 11:11 | Carrion Swarm |
| 11:52 | Unholy Aura |
| 12:31 | Abomination |
| 12:58 | Potion of Healing |
| 13:00 | Scroll of Town Portal |
| 13:03 | Orb of Corruption |
| 13:11 | Abomination |
| 13:14 | Ziggurat |
| 13:15 | Ziggurat |
| 13:15 | Ziggurat |
| 13:21 | Obsidian Statue |
| 13:27 | Advanced Unholy Armor |
| 14:05 | Scroll of Town Portal |
| 14:06 | Potion of Healing |
| 14:06 | Potion of Mana |
| 14:07 | Rod of Necromancy |
| 14:12 | Abomination |
| 14:25 | Spirit Tower |
| 15:25 | Abomination |
| 16:45 | Vampiric Aura |
| 17:20 | Death Coil |
| 17:53 | Abomination |
| 19:10 | Acolyte |
| 19:10 | Acolyte |
| 19:10 | Acolyte |
| 19:29 | Ghoul Frenzy |
| 19:39 | Unholy Aura |
| 20:00 | Crypt |
| 20:44 | Obsidian Statue |
| 20:50 | Creature Attack |
| 20:50 | Improved Creature Attack |
| 20:55 | Ghoul |
| 20:57 | Abomination |
| 21:31 | Abomination |
| 21:38 | Gargoyle |
| 22:09 | Abomination |
| 22:37 | Gargoyle |
| 22:58 | Scroll of Town Portal |
| 24:12 | Gargoyle |
| 24:32 | Potion of Healing |
| 24:32 | Potion of Healing |
| 24:48 | Inferno |
| 25:05 | Potion of Mana |
| 25:06 | Scroll of Healing |
| Right click | 1380 |
| Select group | 881 |
| Select | 409 |
| Misc. action | 285 |
| Build/train/purchase | 146 |
| Use ability | 56 |
| Assign group | 53 |
| Minimap ping | 12 |
| Chat | 7 |
| Resource trade | 5 |
| Item give/drop | 2 |
| Remove unit | 1 |
⇛